 Dungeon Crawl Stone Soup version 0.24-a0-630-g0d56a851f4 (webtiles) character file.

Game seed: 15639562578063321331, levelgen mode: deterministic

256 Mame the Chopper (level 6, -4/56 HPs)
             Began as a Hill Orc Fighter on Sept 20, 2019.
             Was an Initiate of Beogh.
             Shot with an arrow by a centaur (7 damage)
             ... on level 5 of the Dungeon.
             The game lasted 00:07:12 (3435 turns).

Mame the Chopper (Hill Orc Fighter)                 Turns: 3435, Time: 00:07:13

Health: -4/56      AC:  4    Str: 21    XL:     6   Next: 15%
Magic:  6/6        EV: 11    Int:  8    God:    Beogh [......]
Gold:   155        SH:  0    Dex: 10    Spells: 5/5 levels left

rFire    . . .     SeeInvis .   p - +0 hand axe
rCold    . . .     Gourm    .   (no shield)
rNeg     . . .     Faith    .   k - +0 leather armour
rPois    .         Spirit   .   (no helmet)
rElec    .         Reflect  .   g - +0 cloak
rCorr    .         Harm     .   (no gloves)
MR       .....                  (no boots)
Stlth    +.........             (no amulet)
HPRegen  0.18/turn              (no ring)
MPRegen  0.10/turn              (no ring)

@: hasted, very quick
A: no striking features
a: Renounce Religion


You were on level 5 of the Dungeon.
You worshipped Beogh.
Beogh was noncommittal.
You were hungry.

You visited 1 branch of the dungeon, and saw 5 of its levels.

You collected 155 gold pieces.

Inventory:

Hand Weapons
 a - a +0 war axe
 p - a +0 hand axe (weapon)
 t - the cursed +0 whip of Uskayaw's Regard {flame, *Noise rN+ Dex+7, unknown}
   (You found it on level 4 of the Dungeon)

   It has been specially enchanted to burn those struck by it, causing extra
   injury to most foes and up to half again as much damage against particularly
   susceptible opponents.
   It affects your dexterity (+7).
   It protects you from negative energy.
   It may make noises in combat.
   It has a curse placed upon it.
Armour
 b - a +0 scale mail
 c - a +0 shield
 g - a +0 cloak (worn)
 j - a +0 ring mail
 k - a +0 leather armour (worn)
 n - a +2 pair of boots
Scrolls
 i - 2 scrolls of identify
 l - a scroll of amnesia {unknown}
 o - a scroll of random uselessness {unknown}
 r - 4 scrolls of teleportation
 s - a scroll of remove curse {unknown}
 u - a scroll of blinking {unknown}
Potions
 e - a potion of magic
 h - 2 potions of degeneration
 m - a potion of mutation
 q - a potion of haste
Comestibles
 f - 5 rations


   Skills:
 + Level 5.3 Fighting
 * Level 6.5 Axes
 - Level 4.0 Armour
 - Level 3.2 Shields


You had 5 spell levels left.
You didn't know any spells.
Your spell library was empty.

Dungeon Overview and Level Annotations

Branches:
Dungeon (5/15)
 Temple: D:4-7

Altars:
Ashenzari
Uskayaw
The Shining One


Message History

You hit the centaur.
The centaur is heavily wounded.
You hit the orc.
You kill the orc!
Beogh accepts your kill. The centaur hits you. The centaur hits you!
* * * LOW HITPOINT WARNING * * *
You hit the centaur.
The centaur is heavily wounded.
The centaur hits you but does no damage.
You hit the centaur.
The centaur is severely wounded.
The centaur hits you!
* * * LOW HITPOINT WARNING * * *
The centaur misses you.
Okay, then.
You feel yourself speed up. The centaur barely misses you.
The centaur wields a +0 shortbow.
The centaur shoots an arrow.
The arrow hits you!
You die...

.# # ... #. .#. #. ..
.. #.###.# #...... #.
... ..##.# #. #c#
#.##.# #.##.##
##.##.### #..@#..#
....... #.<#.##.##.#..#
#..#.......#..#
...............###.##
#=#..####?####........
.$.#.............###.##
### ##.####.<.........#
#...........######
#############


You could see a centaur.

Vanquished Creatures
  An ogre (D:4)
  A bullfrog skeleton (D:4)
  3 gnolls (D:3)
  4 adders
  2 oozes
  An adder skeleton (D:4)
  A dart slug (D:1)
  10 orcs
  5 giant cockroaches
  5 goblins
  3 hobgoblins
  8 kobolds
  A quokka (D:3)
  A ball python (D:2)
  3 bats (D:1)
  2 frilled lizards
  A quokka skeleton (D:4)
  8 rats
60 creatures vanquished.

Notes
Turn   | Place    | Note
-------+----------+-------------------------------------------
     0 | D:1      | Mame the Hill Orc Fighter began the quest for the Orb.
     0 | D:1      | Reached XP level 1. HP: 19/19 MP: 1/1
    13 | D:1      | Reached skill level 3 in Axes
    78 | D:1      | Reached XP level 2. HP: 26/27 MP: 2/2
   315 | D:1      | You fall into a shaft and drop 1 floor!
   328 | D:2      | Reached XP level 3. HP: 5/33 MP: 3/3
   557 | D:2      | Reached skill level 4 in Axes
   755 | D:2      | Found a hide-covered altar of Uskayaw.
  1735 | D:3      | Reached XP level 4. HP: 27/40 MP: 4/4
  2065 | D:3      | Reached skill level 5 in Axes
  2469 | D:3      | You fall into a shaft and drop 2 floors!
  2469 | D:5      | Entered Level 5 of the Dungeon
  2518 | D:4      | Noticed an ogre
  2534 | D:4      | Killed an ogre
  2534 | D:4      | Reached skill level 5 in Fighting
  2534 | D:4      | Reached skill level 6 in Axes
  2534 | D:4      | Reached XP level 5. HP: 48/48 MP: 5/5
  2796 | D:3      | Found a shattered altar of Ashenzari.
  2966 | D:4      | Became a worshipper of Beogh the Brigand
  3089 | D:4      | Got a jewelled whip
  3123 | D:4      | Reached XP level 6. HP: 52/56 MP: 6/6
  3205 | D:4      | Found a glowing golden altar of the Shining One.
  3435 | D:5      | Shot with an arrow by a centaur

Levels and vault maps discovered:
D:1:      matt_arrival_debris, layout_basic
D:2:      layout_loops_ring, old_standard_altar
D:3:      layout_loops_cross, lemuel_doored_altar, first_ration
D:4:      layout_basic, tso_altar
D:5:      minmay_clustersquares, layout_loops_ring, serial_shops,
          nicolae_shop_waterfront, nemelex_diamond_rough_becter

Skill      XL: |  1  2  3  4 |
---------------+-------------+-----
Axes           | 3 4 6 |  6.5
Fighting       | 4 5 |  5.3
Armour         | 4 |  4.0
Shields        | |  3.2

Action                   |  1- 3 |  4- 6 || total
-------------------------+-------+-------++-------
Melee: War axe           |    86 |    43 ||   129
       Hand axe          |       |    82 ||    82
Invok: Convert to Beogh  |       |     1 ||     1
  Use: Scroll            |     3 |     2 ||     5
       Potion            |       |     3 ||     3
  Eat: Chunk             |     2 |     2 ||     4
       Ration            |       |     1 ||     1
Armor: Scale mail        |    14 |       ||    14
       Leather armour    |    17 |    27 ||    44
Dodge: Dodged            |    51 |    80 ||   131

Table legend:
 A = Non-vault XP
 B = Vault XP
 C = Vault XP percentage of total XP
 D = Non-vault monster count
 E = Vault monster count
 F = Vault count percentage of total count
                 A         B        C        D         E       F
            +---------+---------+-------+---------+---------+-------
      Total |     366 |       0 |   0.0 |      60 |       0 |   0.0
            +---------+---------+-------+---------+---------+-------
        D:1 |      28 |       0 |   0.0 |      16 |       0 |   0.0
        D:2 |      48 |       0 |   0.0 |      13 |       0 |   0.0
        D:3 |      93 |       0 |   0.0 |      18 |       0 |   0.0
        D:4 |     194 |       0 |   0.0 |      12 |       0 |   0.0
        D:5 |       3 |       0 |   0.0 |       1 |       0 |   0.0
            +---------+---------+-------+---------+---------+-------
